General information
- name: BNet
- type: Ladder team game (AT/RT)
- host: Battle.net
- saver: WERIAWEIRAWIERJ
map: TwistedMeadows
- players: 4
- length: 14:57
- speed: Fast
- version: 1.24 W3XP
- replay type: Public
» download(86 KB)
Players
team 1 (loser)
free4bnet (
green | 117 APM | 1738 actions | 14:54)
3 Blademaster
2 Wind Walk
1 Critical Strike
3 Shadow Hunter
2 Hex
1 Healing Wave
» actions
| Assign group hotkey | 19 | |
| Basic commands | 27 | |
| Build / train | 47 | |
| Enter build submenu | 20 | |
| Enter hero's abilities submenu | 6 | |
| Give item / drop item | 3 | |
| Right click | 958 | |
| Select / deselect | 204 | |
| Select group hotkey | 389 | |
| Use ability | 65 | |
1738 total
» units
| Peon | 10 | |
| Grunt | 7 | |
| Goblin Shredder | 1 | |
| Raider | 2 | |
| Spirit Walker | 1 | |
| Troll Batrider | 2 | |
23 total
» upgrades
| Berserker Strength | 1 | |
| Ensnare | 1 | |
| Spirit Walker Training | 1 | |
3 total
» buildings
| Altar of Storms | 1 | |
| Orc Burrow | 6 | |
| Barracks | 1 | |
| Voodoo Lounge | 2 | |
| Stronghold | 1 | |
| Beastiary | 1 | |
| War Mill | 1 | |
| Spirit Lodge | 1 | |
| Watch Tower | 6 | |
| Fortress | 1 | |
21 total
» build order
00:09 Altar of Storms
00:19 Orc Burrow
00:37 Barracks
01:37 Orc Burrow
02:08 Voodoo Lounge
02:19 Voodoo Lounge
03:09 Stronghold
04:12 Orc Burrow
05:41 Orc Burrow
05:46 Beastiary
06:09 War Mill
06:40 Spirit Lodge
07:07 Orc Burrow
07:30 Watch Tower
09:10 Watch Tower
09:38 Watch Tower
09:41 Watch Tower
09:43 Watch Tower
10:05 Orc Burrow
10:40 Watch Tower
12:16 Fortress
» items
| Healing Salve | 4 | |
| Boots of Speed | 1 | |
| Scroll of Town Portal | 1 | |
| Scroll of Healing | 2 | |
8 total

»
harusari.kr (
red | 113 APM | 1679 actions | 14:52)
2 Paladin
1 Holy Light
1 Divine Shield
1 Mountain King
1 Storm Bolt
» actions
| Assign group hotkey | 22 | |
| Basic commands | 111 | |
| Build / train | 54 | |
| ESC pressed | 1 | |
| Enter build submenu | 35 | |
| Enter hero's abilities submenu | 3 | |
| Remove unit from queue | 1 | |
| Right click | 568 | |
| Select / deselect | 223 | |
| Select group hotkey | 612 | |
| Use ability | 49 | |
1679 total
» units
| Peasant | 20 | |
| Footman | 8 | |
| Rifleman | 8 | |
36 total
» buildings
| Farm | 14 | |
| Altar of Kings | 1 | |
| Barracks | 3 | |
| Scout Tower | 5 | |
| Arcane Tower | 4 | |
| Arcane Vault | 1 | |
| Lumber Mill | 1 | |
| Town Hall | 2 | |
| Guard Tower | 1 | |
| Keep | 1 | |
| Blacksmith | 2 | |
35 total
» build order
00:08 Farm
00:10 Altar of Kings
00:21 Farm
00:23 Barracks
01:33 Scout Tower
01:38 Farm
02:03 Arcane Tower
02:22 Scout Tower
03:06 Farm
03:31 Arcane Tower
03:46 Arcane Vault
05:06 Scout Tower
05:10 Lumber Mill
05:31 Farm
05:39 Town Hall
05:56 Farm
06:08 Farm
06:40 Guard Tower
06:54 Farm
07:02 Keep
07:20 Blacksmith
08:34 Farm
08:35 Farm
09:50 Scout Tower
09:52 Scout Tower
09:57 Town Hall
10:19 Arcane Tower
10:24 Arcane Tower
10:35 Farm
12:13 Farm
12:50 Barracks
13:30 Blacksmith
13:34 Barracks
13:41 Farm
13:43 Farm
» items
| Healing Salve | 2 | |
| Lesser Clarity Potion | 1 | |
| Scroll of Regeneration | 2 | |
| Scroll of Town Portal | 1 | |
6 total
team 2 (winner)

»
ittlybittly (
pink | 67 APM | 996 actions | 14:55)
5 Pandaren Brewmaster
3 Breath of Fire
2 Drunken Brawler
2 Keeper of the Grove
1 Entangling Roots
1 Thorns Aura
» actions
| Assign group hotkey | 37 | |
| Basic commands | 76 | |
| Build / train | 37 | |
| Enter build submenu | 22 | |
| Enter hero's abilities submenu | 8 | |
| Right click | 477 | |
| Select / deselect | 158 | |
| Select group hotkey | 133 | |
| Use ability | 48 | |
996 total
» units
| Wisp | 13 | |
| Huntress | 7 | |
| Druid of the Claw | 1 | |
21 total
» upgrades
| Ultravision | 1 | |
| Sentinel | 1 | |
| Druid of the Claw Training | 1 | |
3 total
» buildings
| Altar of Elders | 1 | |
| Moon Well | 9 | |
| Hunter's Hall | 1 | |
| Ancient of War | 2 | |
| Ancient of Wonders | 1 | |
| Tree of Ages | 2 | |
| Tree of Eternity | 1 | |
| Ancient of Lore | 2 | |
| Tree of Life | 1 | |
20 total
» build order
00:10 Altar of Elders
00:16 Moon Well
01:29 Hunter's Hall
01:49 Ancient of War
02:04 Ancient of War
02:17 Moon Well
02:34 Moon Well
02:38 Ancient of Wonders
05:14 Tree of Ages
05:14 Tree of Ages
05:57 Moon Well
07:43 Tree of Eternity
08:56 Ancient of Lore
08:58 Ancient of Lore
12:29 Moon Well
12:29 Moon Well
12:30 Moon Well
12:31 Moon Well
12:33 Moon Well
12:36 Tree of Life

»
WERIAWEIRAWIERJ (
purple | 75 APM | 1116 actions | 14:56)
5 Pandaren Brewmaster
3 Breath of Fire
2 Drunken Brawler
» actions
| Assign group hotkey | 89 | |
| Basic commands | 42 | |
| Build / train | 41 | |
| Enter build submenu | 21 | |
| Enter hero's abilities submenu | 5 | |
| Right click | 488 | |
| Select / deselect | 155 | |
| Select group hotkey | 230 | |
| Use ability | 45 | |
1116 total
» units
| Wisp | 14 | |
| Huntress | 7 | |
| Forest Troll Shadow Priest | 1 | |
| Goblin Shredder | 1 | |
| Chimaera | 4 | |
27 total
» upgrades
| Sentinel | 1 | |
| Well Spring | 1 | |
| Strength of the Wild | 2 | |
| Corrosive Breath | 1 | |
5 total
» buildings
| Moon Well | 8 | |
| Altar of Elders | 1 | |
| Hunter's Hall | 1 | |
| Ancient of War | 2 | |
| Tree of Ages | 1 | |
| Tree of Life | 1 | |
| Tree of Eternity | 1 | |
| Ancient of Wind | 1 | |
| Ancient of Wonders | 1 | |
| Chimaera Roost | 4 | |
| Ancient of Lore | 1 | |
22 total
» build order
00:10 Moon Well
00:14 Altar of Elders
01:47 Hunter's Hall
01:51 Ancient of War
02:05 Moon Well
02:28 Ancient of War
03:03 Moon Well
03:48 Tree of Ages
05:45 Tree of Life
06:11 Tree of Eternity
06:51 Ancient of Wind
07:26 Ancient of Wonders
08:59 Chimaera Roost
09:01 Chimaera Roost
09:03 Chimaera Roost
09:08 Moon Well
10:25 Chimaera Roost
10:26 Moon Well
10:56 Moon Well
12:13 Ancient of Lore
14:10 Moon Well
14:10 Moon Well
Chat log
(00:20 / All) WERIAWEIRAWIERJ: what is .kr
(00:25 / All) WERIAWEIRAWIERJ: kroation website?
(00:29 / Allies) ittlybittly: krustation
(00:31 / All) free4bnet: yes
(00:36 / Allies) ittlybittly: crab train station
(00:43 / Allies) WERIAWEIRAWIERJ: we dual padna
(00:46 / Allies) WERIAWEIRAWIERJ: and jack humans creep
(00:47 / Allies) WERIAWEIRAWIERJ: then tie hack
(01:22 / Allies) WERIAWEIRAWIERJ: wtf thought he was cutting
(01:22 / Allies) WERIAWEIRAWIERJ: w/e
(01:23 / Allies) WERIAWEIRAWIERJ: dual panda
(01:24 / Allies) WERIAWEIRAWIERJ: and hunts
(02:25 / Allies) WERIAWEIRAWIERJ: wait till miltilat ago
(02:33 / Allies) WERIAWEIRAWIERJ: ew no militita
(02:35 / Allies) WERIAWEIRAWIERJ: k just jack
(03:16 / Allies) WERIAWEIRAWIERJ: make hunt
(04:11 / Allies) WERIAWEIRAWIERJ: sbhare
(05:51 / Allies) WERIAWEIRAWIERJ: after this house
(07:01 / Allies) WERIAWEIRAWIERJ: wait
(07:02 / Allies) WERIAWEIRAWIERJ: let him start
(07:04 / Allies) WERIAWEIRAWIERJ: just kidding dong
(07:38 / Allies) ittlybittly: farms everywhere
(07:53 / Allies) ittlybittly: i go chims or dyragds?
(07:56 / Allies) WERIAWEIRAWIERJ: i chims
(07:59 / Allies) WERIAWEIRAWIERJ: u bears
(08:43 / Allies) WERIAWEIRAWIERJ: i need wood bad
(09:10 / Allies) ittlybittly: new farm rush strat
(09:22 / All) WERIAWEIRAWIERJ: uyw atch too man yreplays noob
(09:25 / All) WERIAWEIRAWIERJ: with your farm spaced base
(09:26 / All) WERIAWEIRAWIERJ: and farm scouts
(09:30 / All) WERIAWEIRAWIERJ: and then your horrible micro and plan
(09:35 / Allies) ittlybittly: get a potm
(09:56 / Allies) WERIAWEIRAWIERJ: potm ccosts wood
(09:59 / Allies) ittlybittly: they are putting pu
(10:01 / Allies) ittlybittly: 2000 towers
(10:02 / Allies) ittlybittly: at their expo
(10:35 / Allies) WERIAWEIRAWIERJ: wood me some mroe
(10:37 / Allies) WERIAWEIRAWIERJ: until i have chims
(10:48 / Allies) WERIAWEIRAWIERJ: lets go panda that
(11:04 / All) WERIAWEIRAWIERJ: hext hat panda
(13:11 / All) WERIAWEIRAWIERJ: rifles are aa right/
(13:14 / All) WERIAWEIRAWIERJ: u guys are prolly fine
(13:41 / All) WERIAWEIRAWIERJ: make sorme more farm scouts
(13:43 / All) WERIAWEIRAWIERJ: so u know what units to build
(13:46 / All) WERIAWEIRAWIERJ: to counter my 10000 chims
(13:53 / All) WERIAWEIRAWIERJ: and my allies 60000 bears
(14:44 / All) ittlybittly: and your whole army
(14:46 / All) WERIAWEIRAWIERJ: farm spacing base
(14:46 / All) ittlybittly: but if hte bm dies
(14:48 / All) WERIAWEIRAWIERJ: farm scout
(14:49 / All) ittlybittly: go ahead and quit
(14:53 / All) WERIAWEIRAWIERJ: farm scout